 Dungeon Crawl Stone Soup version 0.29.0-4-gdea44cf6ec (webtiles) character file.

Game seed: 8908882048929124569

356 qw the Chopper (level 6, -6/35 HPs)
             Began as a Tengu Warper on Aug 28, 2022.
             Killed by nerve-wracking pain
             ... invoked by Grinder
              (14 damage)
             ... on level 5 of the Dungeon.
             The game lasted 00:00:21 (3980 turns).

qw the Chopper (Tengu Warper)                       Turns: 3980, Time: 00:00:22

Health: -6/35      AC: 13    Str: 13    XL:     6   Next: 63%
Magic:  10/10      EV:  5    Int: 14    God:
Gold:   160        SH:  0    Dex: 19    Spells: 9/9 levels left

rFire   . . .      SeeInvis .   Y - +0 hand axe (vorpal)
rCold   . . .      Faith    .   (no shield)
rNeg    . . .      Spirit   .   j - +0 plate armour
rPois   +          Reflect  .   (helmet restricted)
rElec   .          Harm     .   (no cloak)
rCorr   .          Rampage  .   l - +1 pair of gloves
Will    .....                   (boots unavailable)
Stlth   ..........              (no amulet)
HPRegen 0.11/turn               i - ring of poison resistance
MPRegen 0.12/turn               c - +6 ring of dexterity

@: flying quickly and evasively, quick
A: beak, talons 3, nimble flight
a: no special abilities


You were on level 5 of the Dungeon.
You visited 1 branch of the dungeon, and saw 5 of its levels.

You collected 160 gold pieces.


Innate Abilities, Weirdness & Mutations

You have a beak for a mouth.
You have claws for feet.
Your magical nature lets you fly swiftly and evasively.


   Skills:
 - Level 2.0 Fighting
 + Level 6.9 Axes
 - Level 1.0 Throwing
 - Level 3.0 Armour
 - Level 2.1 Dodging
 - Level 2.0 Spellcasting
 - Level 2.4 Translocations


You had 9 spell levels left.
You didn't know any spells.
Your spell library contained the following spells:

 Spells                   Type           Power      Damage    Failure   Level
 Blink                    Tloc           16%        N/A       100%        2
 Gell's Gravitas          Tloc           8%         N/A       100%        3
 Lesser Beckoning         Tloc           8%         N/A       100%        3
 Teleport Other           Tloc           8%         N/A       100%        3
 Manifold Assault         Tloc           8%         N/A       100%        5

Inventory:

Hand Weapons
 k - a +2 flail of protection
 Y - a +0 vorpal hand axe (weapon)
Armour
 j - a +0 plate armour (worn)
 l - a +1 pair of gloves (worn)
Jewellery
 c - a +6 ring of dexterity (right hand)
 i - a ring of poison resistance (left hand)
Scrolls
 d - a scroll of identify
 f - 3 scrolls of teleportation
Potions
 b - a potion of haste
 g - a potion of curing {unknown}
 m - a potion of lignification {unknown}

Dungeon Overview and Level Annotations

Branches:
Dungeon (5/15)
 Temple: D:4-7

Altars:
Cheibriados
Dithmenos
Fedhas
Xom

Shops:
D:1 =

Annotations:
D:5 Grinder


Message History

Existing waypoints: (1) D:4 (2) D:3 Assign waypoint to what number? (0-9, D - delete waypoint) Waypoint 2 re-assigned from D:3 to D:5.
Enter note: The adder bites you but does no damage.
You miss the adder. The adder bites you but does no damage.
You slash the adder! You claw the adder.
You kill the adder!
You barely miss the adder. The adder bites you but does no damage.
The adder bites you.
You are poisoned.
The adder poisons you!
You hit the adder. You claw the adder.
The adder is almost dead.
You feel sick. The adder bites you but does no damage.
You miss the adder. Your peck misses the adder.
The adder is almost dead.
You closely miss Grinder.
You feel sick. The adder bites you but does no damage. Grinder gestures at you.
Pain shoots through your body!
You closely miss the adder. You claw the adder.
You kill the adder!
You hit Grinder. You hit the scorpion but do no damage.
You feel sick. Grinder barely misses you.
The scorpion stings you but does no damage.
You closely miss Grinder. You claw Grinder. You peck Grinder.
Grinder is moderately wounded.
You hit the scorpion but do no damage.
You feel sick. Grinder hits you but does no damage. The scorpion stings you.
You hit Grinder but do no damage.
Grinder is moderately wounded.
You hit the scorpion.
You feel sick.
You are no longer poisoned.
Grinder gestures at you. Pain shoots through your body!
You die...

##.....##
#.......#
#.......#
#.......
##.....#
###......##
..........#
#....@..#
.##...5s..#
.......<.##
......./##
.......##
....$..
.......
.....$.
.......


You could see Grinder and a scorpion.

Vanquished Creatures
  A black bear (D:3)
  A necrophage (D:4)
  An iguana (D:4)
  8 adders
  2 shadow imps (D:3)
  An ufetubus (D:4)
  A worm (D:2)
  3 dart slugs
  3 orcs (D:4)
  8 bats
  9 endoplasms
  6 giant cockroaches
  6 goblins
  2 hobgoblins (D:1)
  A quokka (D:2)
  11 ball pythons
  4 frilled lizards
  6 kobolds
  2 rats (D:3)
76 creatures vanquished.

Notes
Turn   | Place    | Note
-------+----------+-------------------------------------------
     0 | D:1      | qw the Tengu Warper began the quest for the Orb.
     0 | D:1      | Reached XP level 1. HP: 12/12 MP: 4/4
     0 | D:1      | 0 ||| qw: Version: 0.1-a-89-g26bdef1
     0 | D:1      | 0 ||| qw: Game counter: 1224
     0 | D:1      | 0 ||| qw: Always use a shield: true
     0 | D:1      | 0 ||| qw: God list: Okawaru
     0 | D:1      | 0 ||| qw: Allow faded altars: false
     0 | D:1      | 0 ||| qw: Do Orc after D:15 true
     0 | D:1      | 0 ||| qw: Do second Lair branch before Depths: true
     0 | D:1      | 0 ||| qw: Lair rune preference: random
     0 | D:1      | 0 ||| qw: Plans: Normal
     0 | D:1      | 0 ||| PLANNING D:1-11
   176 | D:1      | Reached skill level 3 in Axes
   176 | D:1      | Reached XP level 2. HP: 17/17 MP: 6/6
   429 | D:1      | Found Vovuima's Jewellery Boutique.
   432 | D:1      | 432 ||| SHOPLISTING +4 ring of slaying (936 gold, have 16).
   432 | D:1      | 432 ||| SHOPLISTING +6 ring of strength (432 gold, have
                  | 16).
   432 | D:1      | 432 ||| SHOPLISTING amulet of the acrobat (360 gold, have
                  | 16).
   432 | D:1      | 432 ||| SHOPLISTING ring of protection from cold (300 gold,
                  | have 16).
   432 | D:1      | 432 ||| SHOPLISTING ring of see invisible (180 gold, have
                  | 16).
   432 | D:1      | 432 ||| SHOPLISTING ring of willpower (300 gold, have 16).
   663 | D:1      | Reached XP level 3. HP: 21/21 MP: 7/7
   779 | D:1      | 779 ||| Stepping ~*~*~tactically~*~*~ (hiding).
   881 | D:1      | 881 ||| Stepping ~*~*~tactically~*~*~ (hiding).
   983 | D:1      | 983 ||| Stepping ~*~*~tactically~*~*~ (hiding).
  1085 | D:1      | 1085 ||| Stepping ~*~*~tactically~*~*~ (hiding).
  1088 | D:1      | 1088 ||| Stepping ~*~*~tactically~*~*~ (hiding).
  1095 | D:1      | Reached skill level 4 in Axes
  1138 | D:1      | Found a faded altar of an unknown god.
  1337 | D:1      | 1337 ||| UPGRADING to +0 plate armour.
  1347 | D:1      | 1347 ||| DROPPING +0 leather armour.
  1348 | D:1      | 1348 ||| UPGRADING to +0 pair of gloves.
  1353 | D:1      | 1353 ||| UPGRADING to ring of poison resistance.
  1354 | D:1      | 1354 ||| READING scroll labelled URPHAPN CACYL.
  1355 | D:1      | 1355 ||| READING 2 scrolls labelled LUUSOPNUCIH.
  1359 | D:1      | 1359 ||| READING scroll labelled XOYSAJ CUFUDD.
  1360 | D:1      | 1360 ||| READING scroll labelled XECVUSEUSK.
  1361 | D:1      | 1361 ||| READING scroll labelled AKAFUR DEGIGEI.
  1362 | D:1      | 1362 ||| DROPPING scroll of blinking.
  1524 | D:2      | 1524 ||| Stepping ~*~*~tactically~*~*~ (stealth).
  1534 | D:2      | Reached XP level 4. HP: 26/26 MP: 8/8
  1943 | D:2      | Found a shimmering altar of Xom.
  2111 | D:2      | 2111 ||| UPGRADING to +6 ring of dexterity.
  2112 | D:2      | 2112 ||| READING scroll labelled VINEFY CULINYH.
  2257 | D:2      | 2257 ||| READING scroll labelled MOVVO XINACOCW.
  2397 | D:3      | 2397 ||| Stepping ~*~*~tactically~*~*~ (hiding).
  2424 | D:3      | Found a blossoming altar of Fedhas.
  2520 | D:3      | Noticed a black bear
  2521 | D:3      | 2521 ||| Stepping ~*~*~tactically~*~*~ (stealth).
  2524 | D:3      | 2524 ||| Stepping ~*~*~tactically~*~*~ (hiding).
  2535 | D:3      | Killed a black bear
  2536 | D:3      | Reached skill level 6 in Axes
  2536 | D:3      | Gained mutation: Your magical nature lets you fly swiftly
                  | and evasively. [Tengu growth]
  2536 | D:3      | Reached XP level 5. HP: 12/30 MP: 9/9
  2541 | D:3      | 2541 ||| FLEEEEING.
  2542 | D:3      | 2542 ||| FLEEEEING.
  2543 | D:3      | 2543 ||| FLEEEEING.
  2544 | D:3      | 2544 ||| FLEEEEING.
  2545 | D:3      | 2545 ||| FLEEEEING.
  2547 | D:3      | 2547 ||| FLEEEEING.
  2548 | D:3      | 2548 ||| FLEEEEING.
  2549 | D:3      | 2549 ||| FLEEEEING.
  2550 | D:3      | 2550 ||| FLEEEEING.
  2551 | D:3      | 2551 ||| FLEEEEING.
  2552 | D:3      | 2552 ||| FLEEEEING.
  2553 | D:3      | 2553 ||| FLEEEEING.
  2554 | D:3      | 2554 ||| FLEEEEING.
  2555 | D:3      | 2555 ||| FLEEEEING.
  2556 | D:3      | 2556 ||| FLEEEEING.
  2557 | D:3      | 2557 ||| FLEEEEING.
  2558 | D:3      | 2558 ||| FLEEEEING.
  2559 | D:3      | 2559 ||| FLEEEEING.
  2560 | D:3      | 2560 ||| FLEEEEING.
  2561 | D:3      | 2561 ||| FLEEEEING.
  2562 | D:3      | 2562 ||| FLEEEEING.
  2563 | D:3      | 2563 ||| FLEEEEING.
  2564 | D:3      | 2564 ||| FLEEEEING.
  2565 | D:3      | 2565 ||| FLEEEEING.
  2566 | D:3      | 2566 ||| FLEEEEING.
  2567 | D:3      | 2567 ||| FLEEEEING.
  2568 | D:3      | 2568 ||| FLEEEEING.
  2569 | D:3      | 2569 ||| FLEEEEING.
  2570 | D:3      | 2570 ||| FLEEEEING.
  2571 | D:3      | 2571 ||| STAIRDANCE
  2738 | D:2      | 2738 ||| DROPPING +3 chain mail.
  2739 | D:2      | 2739 ||| READING 2 scrolls of identify.
  2739 | D:2      | 2739 ||| IDENTIFYING metallic amethyst potion
  2740 | D:2      | 2740 ||| DROPPING potion of degeneration.
  2745 | D:3      | 2745 ||| STAIRDANCE
  2820 | D:3      | 2820 ||| Stepping ~*~*~tactically~*~*~ (hiding).
  3091 | D:3      | Found a snail-covered altar of Cheibriados.
  3100 | D:3      | 3100 ||| READING 2 scrolls labelled LUZENWYMUT.
  3105 | D:3      | 3105 ||| READING scroll of enchant armour.
  3105 | D:3      | 3105 ||| ENCHANTING +0 pair of gloves.
  3306 | D:4      | Reached XP level 6. HP: 35/35 MP: 10/10
  3326 | D:4      | Found a shadowy altar of Dithmenos.
  3365 | D:4      | Reached skill level 3 in Armour
  3565 | D:4      | 3565 ||| DROPPING +0 mace.
  3927 | D:4      | 3927 ||| DROPPING amulet of magic regeneration.
  3928 | D:4      | 3928 ||| DRINKING 2 fuming sapphire potions.
  3929 | D:4      | 3929 ||| READING 3 scrolls of identify.
  3929 | D:4      | 3929 ||| IDENTIFYING black potion
  3930 | D:4      | 3930 ||| READING 2 scrolls of identify.
  3930 | D:4      | 3930 ||| IDENTIFYING silvery potion
  3931 | D:4      | 3931 ||| DROPPING potion of magic.
  3932 | D:4      | 3932 ||| DROPPING potion of invisibility.
  3970 | D:5      | Entered Level 5 of the Dungeon
  3970 | D:5      | Noticed Grinder
  3980 | D:5      | HP: 8/35 [poisoned by an adder]
  3980 | D:5      | Killed from afar by Grinder

Levels and vault maps discovered:
D:1:      amcnicky_arrival_abandoned_market, layout_basic,
          shapermc_ecumenical_altar_pompeii, serial_shops,
          nicolae_shop_window_shopping, minmay_quantized
D:2:      layout_basic, basic_altar, minmay_liquid_box
D:3:      layout_basic, fedhas_ov_isle_minmay, cheibriados_altar_2,
          nrook_campfire
D:4:      layout_loops_ring, mainiacjoe_overflow_surrounded_room
D:5:      layout_rooms, kennysheep_mini_moat, uniq_grinder

Skill      XL: |  1  2  3  4  5  6 |
---------------+-------------------+-----
Axes           | 3 4 6 |  6.9
Armour         | 2 3 |  3.0
Fighting       | |  2.0
Throwing       | |  1.0
Dodging        | |  2.1
Spellcasting   | |  2.0
Translocations | |  2.4

Action                   |  1- 3 |  4- 6 || total
-------------------------+-------+-------++-------
Melee: Hand axe          |    58 |   115 ||   173
       Kick              |    10 |    29 ||    39
       Peck              |    10 |    16 ||    26
Throw: Boomerang         |     7 |       ||     7
  Use: Scroll            |     5 |     7 ||    12
       Potion            |       |     1 ||     1
Armor: Leather armour    |    17 |       ||    17
       Plate armour      |    11 |    82 ||    93
Dodge: Dodged            |    24 |    16 ||    40

Table legend:
 A = Non-vault XP
 B = Vault XP
 C = Vault XP percentage of total XP
 D = Non-vault monster count
 E = Vault monster count
 F = Vault count percentage of total count
                 A         B        C        D         E       F
            +---------+---------+-------+---------+---------+-------
      Total |     500 |       9 |   1.8 |      71 |       5 |   6.6
            +---------+---------+-------+---------+---------+-------
        D:1 |      38 |       9 |  19.1 |      23 |       5 |  17.9
        D:2 |      76 |       0 |   0.0 |      15 |       0 |   0.0
        D:3 |     179 |       0 |   0.0 |      16 |       0 |   0.0
        D:4 |     180 |       0 |   0.0 |      15 |       0 |   0.0
        D:5 |      27 |       0 |   0.0 |       2 |       0 |   0.0
            +---------+---------+-------+---------+---------+-------
